TOP OF THE 1ST |
Oklahoma City HS Magicians batting - Pitching for Brookline HS Warriors : RHP Malcolm Anderson
|
Pitching: RHP Malcolm Anderson
|
|
Batting: LHB Fletcher White
|
0-0: Called Strike 0-1: Swinging Strike 0-2: Ball 1-2: Ball 2-2: Strikes out swinging
|
Batting: RHB Pat Simms
|
0-0: Ball 1-0: Ball 2-0: Called Strike 2-1: SINGLE (Line Drive, 9LS)
|
Batting: LHB Geoff May
|
0-0: Ball 1-0: Called Strike 1-1: Ball 2-1: Foul Ball, location: 2F 2-2: Foul Ball, location: 2F 2-2: Strikes out looking
|
Batting: RHB Curt O'Brian
|
0-0: Foul Ball, location: 2F 0-1: Ball 1-1: Called Strike 1-2: Foul Ball, location: 2F 1-2: Ball 2-2: Ball 3-2: Ground out 1-3 (Groundball, 13)
|
Top of the 1st over - 0 run(s), 1 hit(s), 0 error(s), 1 left on base; Oklahoma City HS 0 - Brookline HS 0 |
BOTTOM OF THE 1ST |
Brookline HS Warriors batting - Pitching for Oklahoma City HS Magicians : RHP Carlos Pineda
|
Pitching: RHP Carlos Pineda
|
|
Batting: LHB Alex Kelly
|
0-0: Called Strike 0-1: Ball 1-1: Foul Ball, location: 2F 1-2: SINGLE (Groundball, 3D)
|
Batting: RHB Ben Bond
|
0-0: Swinging Strike 0-1: Called Strike 0-2: Ball 1-2: Strikes out looking
|
Batting: RHB Travis Kramer
|
0-0: Called Strike Alex Kelly is caught stealing 2nd base 0-1: Foul Ball, location: 2F 0-2: Ball 1-2: Fly out, F7 (Flyball, 7)
|
Bottom of the 1st over - 0 run(s), 1 hit(s), 0 error(s), 0 left on base; Oklahoma City HS 0 - Brookline HS 0 |
TOP OF THE 2ND |
Oklahoma City HS Magicians batting - Pitching for Brookline HS Warriors : RHP Malcolm Anderson
|
Batting: RHB Darrell Krieger
|
0-0: Foul Ball, location: 2F 0-1: Ball 1-1: Ball 2-1: SINGLE (Groundball, 56S) (infield hit)
|
Batting: RHB Billy Gray
|
0-0: Ball 1-0: Ball 2-0: Fielders Choice at 2nd, 6-4 (Groundball, 56)
|
Batting: SHB Royce Griffin
|
0-0: Ball 1-0: Ball 2-0: Ball 3-0: Called Strike 3-1: Base on Balls Billy Gray to second
|
Batting: LHB Andrew Chambers
|
0-0: Ball 1-0: Ball 2-0: Ball 3-0: Foul Ball, location: 2F 3-1: Foul Ball, location: 2F 3-2: Foul Ball, location: 2F 3-2: Foul Ball, location: 2F 3-2: Strikes out swinging
|
Batting: RHB Jeffrey Ball
|
0-0: Ball 1-0: Ball 2-0: SINGLE (Flyball, 9LS) Billy Gray to third Royce Griffin to second Runner from 3rd tries for Home, SAFE, no throw
|
Batting: LHB Fletcher White
|
0-0: Foul Ball, location: 2F 0-1: Called Strike 0-2: Foul Ball, location: 2F 0-2: Ball 1-2: SINGLE (Flyball, 8LS) Royce Griffin to third Jeffrey Ball to second Runner from 3rd tries for Home, SAFE, throw made home Jeffrey Ball to third Fletcher White to second
|
Batting: RHB Pat Simms
|
0-0: Foul Ball, location: 2F 0-1: Ball 1-1: Ball 2-1: Foul Ball, location: 2F 2-2: Foul Ball, location: 2F 2-2: Ground out 5-3 (Groundball, 56S)
|
Top of the 2nd over - 2 run(s), 3 hit(s), 0 error(s), 2 left on base; Oklahoma City HS 2 - Brookline HS 0 |
BOTTOM OF THE 2ND |
Brookline HS Warriors batting - Pitching for Oklahoma City HS Magicians : RHP Carlos Pineda
|
Batting: LHB Lou Robinson
|
0-0: Swinging Strike 0-1: Fly out, F7 (Flyball, 7LMF)
|
Batting: RHB Paco Cabrera
|
0-0: Ball 1-0: Reached on error, E5 (Groundball, 56)
|
Batting: LHB Bailey Mrazek
|
0-0: Ball 1-0: Ball 2-0: Called Strike 2-1: Ball 3-1: Grounds into double play, 4-6-3 (Groundball, 4)
|
Bottom of the 2nd over - 0 run(s), 0 hit(s), 1 error(s), 0 left on base; Oklahoma City HS 2 - Brookline HS 0 |
TOP OF THE 3RD |
Oklahoma City HS Magicians batting - Pitching for Brookline HS Warriors : RHP Malcolm Anderson
|
Batting: LHB Geoff May
|
0-0: Ball 1-0: Foul Ball, location: 2F 1-1: Ball 2-1: Ball 3-1: Base on Balls
|
Batting: RHB Curt O'Brian
|
0-0: Called Strike 0-1: Ball 1-1: Ball 2-1: Swinging Strike 2-2: Fly out, F8 (Flyball, 8RS)
|
Batting: RHB Darrell Krieger
|
0-0: Swinging Strike 0-1: Swinging Strike 0-2: Foul Ball, location: 2F 0-2: Foul Ball, location: 2F 0-2: Ball 1-2: Strikes out swinging
|
Batting: RHB Billy Gray
|
0-0: Swinging Strike 0-1: Ball 1-1: Ball 2-1: Called Strike 2-2: Fly out, F7 (Flyball, 7)
|
Top of the 3rd over - 0 run(s), 0 hit(s), 0 error(s), 1 left on base; Oklahoma City HS 2 - Brookline HS 0 |
BOTTOM OF THE 3RD |
Brookline HS Warriors batting - Pitching for Oklahoma City HS Magicians : RHP Carlos Pineda
|
Batting: RHB Tom McBride
|
0-0: DOUBLE (Line Drive, 89M)
|
Batting: SHB Luis Rodríguez
|
0-0: Ball 1-0: Ball 2-0: Foul Ball, location: 2F 2-1: Ball 3-1: Swinging Strike 3-2: Foul Ball, location: 2F 3-2: Ground out 5-3 (Groundball, 56)
|
Batting: RHB Tim Smith
|
0-0: Ball 1-0: Called Strike 1-1: Ball 2-1: SINGLE (Line Drive, 34D) Tom McBride to third Runner from 3rd tries for Home, SAFE, throw made home
|
Batting: LHB Alex Kelly
|
0-0: Ball 1-0: Ball 2-0: Called Strike 2-1: Foul Ball, location: 2F 2-2: Foul Ball, location: 2F 2-2: Ball 3-2: Fielders Choice at 2nd, 4-6 (Groundball, 4)
|
Batting: RHB Ben Bond
|
0-0: Called Strike 0-1: Ball 1-1: SINGLE (Groundball, 56D) Alex Kelly to second
|
Batting: RHB Travis Kramer
|
0-0: Foul Ball, location: 2F 0-1: Ball 1-1: Foul Ball, location: 2F 1-2: Ball 2-2: Ball 3-2: Fly out, F7 (Flyball, 7)
|
Bottom of the 3rd over - 1 run(s), 3 hit(s), 0 error(s), 2 left on base; Oklahoma City HS 2 - Brookline HS 1 |
TOP OF THE 4TH |
Oklahoma City HS Magicians batting - Pitching for Brookline HS Warriors : RHP Malcolm Anderson
|
Batting: SHB Royce Griffin
|
0-0: Foul Ball, location: 2F 0-1: Foul Ball, location: 2F 0-2: Ball 1-2: Ball 2-2: Foul Ball, location: 2F 2-2: Foul Ball, location: 2F 2-2: Ground out 3-1 (Groundball, 34)
|
Pitching: RHP Jody Thomas
|
|
Batting: LHB Andrew Chambers
|
0-0: Foul Ball, location: 2F 0-1: Ball 1-1: Swinging Strike 1-2: Foul Ball, location: 2F 1-2: Foul Ball, location: 2F 1-2: Fly out, F7 (Flyball, 7)
|
Batting: RHB Jeffrey Ball
|
0-0: Ball 1-0: Called Strike 1-1: Ball 2-1: Swinging Strike 2-2: Ball 3-2: SINGLE (Groundball, 6) (infield hit)
|
Batting: LHB Fletcher White
|
0-0: Foul Ball, location: 2F 0-1: DOUBLE (Line Drive, 8RD) Jeffrey Ball to third Runner from 3rd tries for Home, SAFE, no throw
|
Batting: RHB Pat Simms
|
0-0: Called Strike 0-1: Foul Ball, location: 2F 0-2: Foul Ball, location: 2F 0-2: Ball 1-2: Ball 2-2: Foul Ball, location: 2F 2-2: Foul Ball, location: 2F 2-2: 2-RUN HOME RUN (Flyball, 7LD), Distance : 365 ft
|
Pitching: RHP Patrick Henry
|
|
Batting: LHB Geoff May
|
0-0: Ball 1-0: Fly out, F8 (Flyball, 8LM)
|
Top of the 4th over - 3 run(s), 3 hit(s), 0 error(s), 0 left on base; Oklahoma City HS 5 - Brookline HS 1 |
BOTTOM OF THE 4TH |
Brookline HS Warriors batting - Pitching for Oklahoma City HS Magicians : RHP Carlos Pineda
|
Batting: LHB Lou Robinson
|
0-0: Ground out 4-3 (Groundball, 4)
|
Batting: RHB Paco Cabrera
|
0-0: Foul Ball, location: 2F 0-1: DOUBLE (Line Drive, 7)
|
Batting: LHB Bailey Mrazek
|
0-0: Ball 1-0: Foul Ball, location: 2F 1-1: Ground out 3-1 (Groundball, 34S) Paco Cabrera to third
|
Batting: RHB Tom McBride
|
0-0: SINGLE (Groundball, 4MD) Paco Cabrera scores
|
Batting: SHB Luis Rodríguez
|
0-0: Called Strike 0-1: Ball 1-1: Reached on error, E4 (Groundball, 4S) Tom McBride to second
|
Batting: RHB Tim Smith
|
0-0: Called Strike 0-1: Swinging Strike 0-2: Ball 1-2: Ball 2-2: Ball 3-2: DOUBLE (Flyball, 8RXD) Tom McBride scores Luis Rodríguez to third Luis Rodríguez scores
|
Batting: LHB Alex Kelly
|
0-0: Ball 1-0: Ball 2-0: Foul Ball, location: 2F 2-1: Ball 3-1: Foul Ball, location: 2F 3-2: Strikes out looking
|
Bottom of the 4th over - 3 run(s), 3 hit(s), 1 error(s), 1 left on base; Oklahoma City HS 5 - Brookline HS 4 |
TOP OF THE 5TH |
Oklahoma City HS Magicians batting - Pitching for Brookline HS Warriors : RHP Patrick Henry
|
Batting: RHB Curt O'Brian
|
0-0: Ball 1-0: Ball 2-0: Ball 3-0: Base on Balls
|
Batting: RHB Darrell Krieger
|
0-0: Ball 1-0: Ball 2-0: Ball Wild Pitch! Curt O'Brian to second 3-0: Intentional Walk
|
Batting: RHB Billy Gray
|
0-0: Ball 1-0: Foul Ball, location: 2F 1-1: Foul Ball, location: 2F 1-2: Ball 2-2: Strikes out swinging
|
Batting: SHB Royce Griffin
|
0-0: Ball 1-0: Called Strike 1-1: Foul Ball, location: 2F 1-2: Ball 2-2: Ball 3-2: 3-RUN HOME RUN (Line Drive, 8RXD), Distance : 453 ft
|
Pitching: RHP Dave Bryant
|
|
Batting: LHB Andrew Chambers
|
0-0: Swinging Strike 0-1: Foul Ball, location: 2F 0-2: SOLO HOME RUN (Flyball, 9LD), Distance : 359 ft
|
Batting: RHB Jeffrey Ball
|
0-0: Ball 1-0: Foul Ball, location: 2F 1-1: Called Strike 1-2: Ball 2-2: Strikes out swinging
|
Batting: LHB Fletcher White
|
0-0: Ball 1-0: Foul Ball, location: 2F 1-1: SINGLE (Groundball, 6M) (infield hit)
|
Batting: RHB Pat Simms
|
0-0: Ball 1-0: Called Strike 1-1: Swinging Strike 1-2: Strikes out looking
|
Top of the 5th over - 4 run(s), 3 hit(s), 0 error(s), 1 left on base; Oklahoma City HS 9 - Brookline HS 4 |
BOTTOM OF THE 5TH |
Brookline HS Warriors batting - Pitching for Oklahoma City HS Magicians : RHP Carlos Pineda
|
Batting: RHB Ben Bond
|
0-0: Ball 1-0: Fly out, F7 (Flyball, 7S)
|
Batting: RHB Travis Kramer
|
0-0: Ball 1-0: DOUBLE (Line Drive, 78M)
|
Batting: LHB Lou Robinson
|
0-0: Called Strike 0-1: Ball 1-1: Ball 2-1: Foul Ball, location: 2F 2-2: Ground out 4-3 (Groundball, 4) Travis Kramer to third
|
Pitching: RHP Mike Giles
|
|
Batting: RHB Paco Cabrera
|
0-0: Called Strike 0-1: Swinging Strike 0-2: Ground out 6-3 (Groundball, 6)
|
Bottom of the 5th over - 0 run(s), 1 hit(s), 0 error(s), 1 left on base; Oklahoma City HS 9 - Brookline HS 4 |
TOP OF THE 6TH |
Oklahoma City HS Magicians batting - Pitching for Brookline HS Warriors : RHP Dave Bryant
|
Batting: LHB Geoff May
|
0-0: Ball 1-0: Called Strike 1-1: Ball 2-1: Ball 3-1: Base on Balls
|
Batting: RHB Curt O'Brian
|
0-0: Ball 1-0: Ball 2-0: Called Strike 2-1: Ball 3-1: Foul Ball, location: 2F 3-2: Fly out, F4 (Line Drive, 34)
|
Batting: RHB Darrell Krieger
|
0-0: Called Strike 0-1: Fly out, F9 (Flyball, 89D)
|
Batting: RHB Billy Gray
|
0-0: Foul Ball, location: 2F 0-1: Called Strike 0-2: Strikes out looking
|
Top of the 6th over - 0 run(s), 0 hit(s), 0 error(s), 1 left on base; Oklahoma City HS 9 - Brookline HS 4 |
BOTTOM OF THE 6TH |
Brookline HS Warriors batting - Pitching for Oklahoma City HS Magicians : RHP Mike Giles
|
Batting: LHB Bailey Mrazek
|
0-0: Ball 1-0: Fly out, F8 (Flyball, 8RS)
|
Batting: RHB Tom McBride
|
0-0: Ball 1-0: Ball 2-0: SINGLE (Groundball, 34) (infield hit)
|
Batting: SHB Luis Rodríguez
|
0-0: Called Strike 0-1: 2-RUN HOME RUN (Flyball, 8RXD), Distance : 447 ft
|
Pitching: RHP Ray Holmes
|
|
Batting: RHB Tim Smith
|
0-0: Ball 1-0: Called Strike 1-1: Foul Ball, location: 2F 1-2: Foul Ball, location: 2F 1-2: Strikes out looking
|
Batting: LHB Alex Kelly
|
0-0: Swinging Strike 0-1: Ball 1-1: Ball 2-1: Swinging Strike 2-2: Foul Ball, location: 2F 2-2: Ground out 4-3 (Groundball, 34D)
|
Bottom of the 6th over - 2 run(s), 2 hit(s), 0 error(s), 0 left on base; Oklahoma City HS 9 - Brookline HS 6 |
TOP OF THE 7TH |
Oklahoma City HS Magicians batting - Pitching for Brookline HS Warriors : RHP Dave Bryant
|
Batting: SHB Royce Griffin
|
0-0: Ball 1-0: Swinging Strike 1-1: Ball 2-1: Ball 3-1: Foul Ball, location: 2F 3-2: Foul Ball, location: 2F 3-2: Fly out, F7 (Flyball, 7S)
|
Batting: LHB Andrew Chambers
|
0-0: Called Strike 0-1: Swinging Strike 0-2: Ball 1-2: Ball 2-2: Ball 3-2: Foul Ball, location: 2F 3-2: SINGLE (Flyball, 9S)
|
Batting: RHB Jeffrey Ball
|
0-0: Called Strike 0-1: Foul Ball, location: 2F 0-2: Ball 1-2: Ball 2-2: Foul Ball, location: 2F 2-2: Ball 3-2: Base on Balls Andrew Chambers to second
|
Pitching: RHP Dick Green
|
|
Batting: LHB Fletcher White
|
0-0: Fly out, F9 (Flyball, 9LS)
|
Batting: RHB Pat Simms
|
0-0: Foul Ball, location: 2F 0-1: Foul Ball, location: 2F 0-2: Fly out, F4 (Popup, 34D)
|
Top of the 7th over - 0 run(s), 1 hit(s), 0 error(s), 2 left on base; Oklahoma City HS 9 - Brookline HS 6 |
BOTTOM OF THE 7TH |
Brookline HS Warriors batting - Pitching for Oklahoma City HS Magicians : RHP Ray Holmes
|
Batting: RHB Ben Bond
|
0-0: Called Strike 0-1: Foul Ball, location: 2F 0-2: Ball 1-2: Strikes out swinging
|
Batting: RHB Travis Kramer
|
0-0: Ball 1-0: Ball 2-0: Called Strike 2-1: Foul Ball, location: 2F 2-2: SINGLE (Line Drive, 6MD)
|
Batting: LHB Lou Robinson
|
0-0: Ball 1-0: Ball 2-0: Fly out, F5 (Line Drive, 56)
|
Batting: RHB Paco Cabrera
|
0-0: Ball Travis Kramer steals 2nd base 1-0: Ground out 6-3 (Groundball, 6)
|
Bottom of the 7th over - 0 run(s), 1 hit(s), 0 error(s), 1 left on base; Oklahoma City HS 9 - Brookline HS 6 |
TOP OF THE 8TH |
Oklahoma City HS Magicians batting - Pitching for Brookline HS Warriors : RHP Dick Green
|
Batting: LHB Geoff May
|
0-0: Called Strike 0-1: Swinging Strike 0-2: Ball 1-2: Strikes out swinging, 2-3 out at first.
|
Batting: RHB Curt O'Brian
|
0-0: Foul Ball, location: 2F 0-1: Ball 1-1: SINGLE (Line Drive, 89M)
|
Batting: RHB Darrell Krieger
|
0-0: Ball Curt O'Brian is caught stealing 2nd base 1-0: Foul Ball, location: 2F 1-1: SINGLE (Line Drive, 4)
|
Batting: RHB Billy Gray
|
0-0: Ball 1-0: Foul Ball, location: 2F 1-1: Ball 2-1: Ball 3-1: Foul Ball, location: 2F 3-2: Ground out 6-3 (Groundball, 56)
|
Top of the 8th over - 0 run(s), 2 hit(s), 0 error(s), 1 left on base; Oklahoma City HS 9 - Brookline HS 6 |
BOTTOM OF THE 8TH |
Brookline HS Warriors batting - Pitching for Oklahoma City HS Magicians : RHP Ray Holmes
|
Batting: LHB Bailey Mrazek
|
0-0: Foul Ball, location: 2F 0-1: Ball 1-1: Fly out, F9 (Flyball, 9)
|
Batting: RHB Tom McBride
|
0-0: Foul Ball, location: 2F 0-1: Ball 1-1: Ball 2-1: Swinging Strike 2-2: Fly out, F8 (Flyball, 8RS)
|
Batting: SHB Luis Rodríguez
|
0-0: Called Strike 0-1: Foul Ball, location: 2F 0-2: Ball 1-2: Foul Ball, location: 2F 1-2: Foul Ball, location: 2F 1-2: Ball 2-2: Foul Ball, location: 2F 2-2: Strikes out swinging
|
Bottom of the 8th over - 0 run(s), 0 hit(s), 0 error(s), 0 left on base; Oklahoma City HS 9 - Brookline HS 6 |
TOP OF THE 9TH |
Oklahoma City HS Magicians batting - Pitching for Brookline HS Warriors : RHP Dick Green
|
Batting: SHB Royce Griffin
|
0-0: Ball 1-0: SOLO HOME RUN (Flyball, 9LD), Distance : 358 ft
|
Batting: LHB Andrew Chambers
|
0-0: Fly out, F7 (Flyball, 7)
|
Batting: RHB Jeffrey Ball
|
0-0: Called Strike 0-1: Swinging Strike 0-2: Foul Ball, location: 2F 0-2: Strikes out looking
|
Batting: LHB Fletcher White
|
0-0: Ball 1-0: Ball 2-0: Called Strike 2-1: Ball 3-1: SINGLE (Flyball, 8RS)
|
Batting: RHB Pat Simms
|
0-0: Called Strike 0-1: Swinging Strike 0-2: Strikes out swinging
|
Top of the 9th over - 1 run(s), 2 hit(s), 0 error(s), 1 left on base; Oklahoma City HS 10 - Brookline HS 6 |
BOTTOM OF THE 9TH |
Brookline HS Warriors batting - Pitching for Oklahoma City HS Magicians : RHP Ray Holmes
|
Batting: RHB Tim Smith
|
0-0: Swinging Strike 0-1: Called Strike 0-2: Strikes out looking
|
Batting: LHB Alex Kelly
|
0-0: Foul Ball, location: 2F 0-1: Foul Ball, location: 2F 0-2: Ball 1-2: Strikes out swinging
|
Pitching: RHP Chris Frye
|
|
Batting: RHB Ben Bond
|
0-0: Ball 1-0: Ball 2-0: Foul Ball, location: 2F 2-1: Foul Ball, location: 2F 2-2: Ball 3-2: Base on Balls
|
Batting: RHB Travis Kramer
|
0-0: Foul Ball, location: 2F 0-1: Swinging Strike 0-2: Ball 1-2: Foul Ball, location: 2F 1-2: Ball 2-2: Fielders Choice at 2nd, 6-4 (Groundball, 6)
|
Bottom of the 9th over - 0 run(s), 0 hit(s), 0 error(s), 0 left on base; Oklahoma City HS 10 - Brookline HS 6 |
|